 Dungeon Crawl Stone Soup version 0.17-a0-1311-gbcbd859 (webtiles) character file.

948 Kidiri the Sneak (level 7, -3/35 HPs)
             Began as a Spriggan Enchanter on June 8, 2015.
             Slain by a phantom (7 damage)
             ... on level 5 of the Dungeon.
             The game lasted 00:34:38 (7064 turns).

Kidiri the Sneak (Spriggan Enchanter)               Turns: 7064, Time: 00:34:39

Health: -3/35      AC:  4    Str:  4    XL:     7   Next: 89%
Magic:  4/13       EV: 22    Int: 21    God:
Gold:   264        SH:  0    Dex: 18    Spells: 5 memorised, 1 level left

rFire  . . .     SeeInvis +     m - +6 war axe of Xom's Hope {distort, MR+ Int+4}
rCold  . . .     Clarity  .     b - +2 robe
rNeg   . . .     SustAt   .     (shield restricted)
rPois  .         Gourm    .     (helmet restricted)
rElec  .         Spirit   .     (no cloak)
rCorr  .         Warding  .     (gloves unavailable)
rMut   .         Stasis   .     (boots unavailable)
MR     ++...                    (no amulet)
Stlth  +++++.....               (no ring)
                                k - ring of stealth

@: very quick, very resistant to hostile enchantments, quite stealthy
A: unfitting armour, see invisible, herbivore 3, speed 3, slow metabolism 2
a: no special abilities


You were on level 5 of the Dungeon.
You were hungry.

You visited 2 branches of the dungeon, and saw 6 of its levels.
You also visited: Sewer.

You collected 264 gold pieces.

Inventory:

Hand weapons
 a - a +1 dagger
 f - a +2 short sword of venom
 j - a +0 short sword of flaming
 m - the +6 war axe of Xom's Hope (weapon) {distort, MR+ Int+4}
   (You found it on level 4 of the Dungeon)

   It warps and distorts space around it.
   Unwielding it can cause banishment or high damage.
   It affects your intelligence (+4).
   It affects your resistance to hostile enchantments.
Missiles
 e - 16 exploding sling bullets
Armour
 b - a +2 robe (worn)
Jewellery
 k - a ring of stealth (left hand)
Scrolls
 g - 2 scrolls of amnesia
 h - 2 scrolls of magic mapping
 i - 2 scrolls of teleportation
Potions
 l - a potion of lignification
Books
 c - a book of Maledictions

   Spells                             Type                      Level
   a - Corona                         Hexes                        1
   b - Ensorcelled Hibernation        Hexes/Ice                    2
   c - Confuse                        Hexes                        3
   d - Tukima's Dance                 Hexes                        3
   e - Dazzling Spray                 Conjuration/Hexes            3
Comestibles
 d - 5 bread rations


   Skills:
 + Level 2.1 Fighting
 * Level 3.8 Short Blades
 + Level 2.1 Throwing
 * Level 6.3 Dodging
 * Level 7.7 Stealth
 + Level 3.8 Spellcasting
 + Level 1.2 Conjurations
 + Level 4.8 Hexes
 + Level 1.7 Ice Magic


You had one spell level left.
You knew the following spells:

 Your Spells              Type           Power        Failure   Level  Hunger
a - Corona                Hex            ###....      1%          1    None
b - Ensorcelled Hibernat  Hex/Ice        ###...       6%          2    #......
c - Confuse               Hex            ###.....     6%          3    ###....
d - Tukima's Dance        Hex            ###.....     6%          3    ###....
e - Dazzling Spray        Conj/Hex       ###.....     12%         3    ###....


Dungeon Overview and Level Annotations

Branches:
Dungeon (5/15)             Temple (1/1) D:5

Altars:
Ashenzari
Gozag
Kikubaaqudgha
Okawaru
Qazlal
Sif Muna
Trog
Xom
Yredelemnul
Zin
The Shining One

Annotations:
D:4 Fluffy's ghost, experienced GrFi


Innate Abilities, Weirdness & Mutations

You are tiny and cannot use many weapons and most armour.
You have supernaturally acute eyesight.
You are a herbivore.
You cover ground extremely quickly.
You need consume almost no food.


Message History

The phantom is heavily damaged.
The phantom blinks!
The centaur shoots a poisoned arrow.
The poisoned arrow completely misses you.
The phantom barely misses you.
You completely miss the phantom.
The phantom is heavily damaged.
The centaur shoots a poisoned arrow.
The poisoned arrow barely misses you.
The centaur shoots a poisoned arrow.
The poisoned arrow hits you. The phantom hits you!
* * * LOW HITPOINT WARNING * * *
Unknown command.
Casting: Confuse
Confirm with . or Enter, or press ? or * to list all spells.
Aiming: Tukima's Dance
Press: ? - help, Shift-Dir - straight line, f - centaur, p - phantom
Aim: a centaur, wielding a shortbow (chance to defeat MR: 80%)
The centaur barely resists.
You are feeling hungry.
The phantom hits you!
You die...

......#..###.......##.#
#......
..........##.......##.#
####...
..........'...........#
#...
......#...########.####
#... .............# #(#
#... .#..#........# #.#
#... .............#
###.### #...
#............# #(W...#
#... ##############
#@#.#.# #... #c#.#.#
#### #.#.#.# ######
#h#...#
#.....###(######
$.......(........
.#....(.........
#..#.............
.................


You could see a phantom, a centaur and a jackal.

Vanquished Creatures
  An orc warrior (D:5)
  2 phantoms (D:5)
  An ogre (D:4)
  2 giant frogs (Sewer)
  2 orc priests (D:5)
  3 worker ants (D:4)
  Natasha (thrice) (D:4)
  A hound skeleton (D:4)
  16 adders
  A shadow imp (D:4)
  2 oozes
  5 worms
  8 giant geckos
  12 orcs
  3 ball pythons
  A bat skeleton (D:4)
  8 giant cockroaches
  7 goblins
  2 hobgoblins
  6 jackals
  3 quokkas
  5 bats
  A giant gecko skeleton (D:5)
  9 giant newts
  A jackal skeleton (D:3)
  3 kobolds
  17 rats
125 creatures vanquished.

Vanquished Creatures (collateral kills)
  An orc (D:5)
1 creature vanquished.

Vanquished Creatures (others)
  A dancing weapon (D:5)
  A worker ant (D:5)
  An iguana (D:5)
3 creatures vanquished.

Grand Total: 129 creatures vanquished

Notes
Turn   | Place    | Note
--------------------------------------------------------------
     0 | D:1      | Kidiri the Spriggan Enchanter began the quest for the Orb.
     0 | D:1      | Reached XP level 1. HP: 9/9 MP: 5/5
   108 | D:1      | Found a shattered altar of Ashenzari.
   496 | D:1      | Reached XP level 2. HP: 13/13 MP: 4/6
   500 | D:1      | Learned a level 2 spell: Ensorcelled Hibernation
   904 | D:2      | Reached skill level 5 in Stealth
   982 | D:2      | Reached XP level 3. HP: 16/16 MP: 5/8
  1608 | D:2      | Noticed a moth of wrath
  1613 | D:2      | Found a bloodstained altar of Trog.
  1793 | D:2      | Reached XP level 4. HP: 16/21 MP: 9/9
  1800 | D:2      | Learned a level 3 spell: Confuse
  2117 | D:2      | Reached skill level 1 in Fighting
  2516 | D:3      | Found a glowing silver altar of Zin.
  2580 | D:3      | Found a basalt altar of Yredelemnul.
  2582 | D:3      | Noticed a profane servitor
  2598 | D:3      | Found a glowing golden altar of the Shining One.
  2600 | D:3      | Noticed an angel
  3002 | D:3      | Reached XP level 5. HP: 13/25 MP: 0/10
  3020 | D:3      | Learned a level 3 spell: Tukima's Dance
  3074 | D:3      | Found a glowing drain.
  3118 | Sewer    | Entered a sewer
  3302 | Sewer    | Reached skill level 1 in Throwing
  3830 | Sewer    | Reached skill level 6 in Stealth
  3830 | Sewer    | Reached skill level 1 in Ice Magic
  3837 | Sewer    | Reached skill level 5 in Dodging
  3837 | Sewer    | Reached XP level 6. HP: 13/30 MP: 0/11
  4378 | D:3      | Found a deep blue altar of Sif Muna.
  4851 | D:4      | Noticed Natasha
  4971 | D:4      | Noticed Fluffy's ghost (experienced GrFi)
  5179 | D:4      | Killed Natasha
  5259 | D:4      | Noticed Natasha
  5278 | D:4      | Reached XP level 7. HP: 30/34 MP: 5/12
  5289 | D:4      | Killed Natasha
  5419 | D:4      | Learned a level 3 spell: Dazzling Spray
  5633 | D:4      | Got a translucent war axe
  5634 | D:4      | Identified the +6 war axe of Xom's Hope {distort, MR+ Int+4} (You found it on level 4 of the Dungeon)
  5799 | D:4      | Noticed Natasha
  5804 | D:4      | Killed Natasha
  5860 | D:5      | Entered Level 5 of the Dungeon
  5895 | D:5      | Reached skill level 7 in Stealth
  6383 | D:5      | Found a staircase to the Ecumenical Temple.
  6389 | Temple   | Entered the Ecumenical Temple
  6836 | D:5      | Reached skill level 1 in Conjurations
  7064 | D:5      | Slain by a phantom

Vault maps used:
D:1:      wheals_arrival_shading, corexii_item_surrounded_by_moat,
          minmay_misc_feat_hallway, evilmike_ruin_ashenzari
D:2:      tgw_trog
D:3:      grunt_temple_overflow_holy_war, overflow_temple_1_default,
          led_sif_book, portal_sewer_entry_f
D:4:      first_bread, hex_medium, uniq_natasha
D:5:      minmay_temple_entry_fiery, hangedman_abyss_or_decor_lesser_grid,
          minmay_misc_feat_plants, st_stairs_1
Temple:   circular_temple_6
Sewer:    sewer_frog_island_01

Action                   |  1- 3 |  4- 6 |  7- 9 || total
-------------------------+-------+-------+-------++-------
Melee: Dagger            |    99 |   162 |       ||   261
       Short sword       |       |    31 |    20 ||    51
       War axe           |       |       |    55 ||    55
 Cast: Corona            |     5 |     7 |     2 ||    14
       Ensorcelled Hiber |     6 |    41 |    11 ||    58
       Confuse           |       |     4 |     5 ||     9
       Tukima's Dance    |       |       |     3 ||     3
  Use: Potion            |     4 |     3 |     4 ||    11
       Scroll            |     5 |     4 |     2 ||    11
 Stab: Sleeping          |    11 |    33 |    11 ||    55
       Distracted        |       |     3 |     1 ||     4
       Invisible         |       |       |     2 ||     2
       Confused          |       |       |     1 ||     1
  Eat: Pizza             |       |     1 |       ||     1
       Bread ration      |       |     1 |       ||     1
